Description

This Build order is an all-in in Protoss vs Terran. It’s really powerful and can be done at any level ! The goal is to use oracle to reveal units, use tempest to kill them and use shield battery to heal your tempests. You need to pressure him and you will win slowly :)

Some tips to do this build order : * You can’t do it on every maps. Some are really more favored: You need a place to put your shield batteries and the closer the shoke point is, the better it is * Hide your Stargate the better you can * Focus on units that you can one shot * Chronoboost your tempest * Use your oracle to reveal units in order to have an amazing range with your tempests * Keep your tempest above your shield batteries

VOD

https://youtu.be/MyyZcWsPLkw

Replay - PvT proxy tempest

Build Order

Get SALT Encoding   

  12  0:01  Probe  
  13  0:13  Probe  
  14  0:17  Pylon  
  14  0:22  Probe  
  15  0:31  Probe  
  16  0:37  Gateway  
  16  0:41  Probe  
  16  0:48  Assimilator  
  17  0:52  Probe  
  17  0:55  Assimilator  
  18  1:00  Probe  
  19  1:08  Probe  
  20  1:19  Probe  
  20  1:24  Cybernetics Core  
  21  1:39  Probe  
  22  1:46  Pylon  
  23  2:02  Warp Gate  
  23  2:04  Adept  
  23  2:05  Stargate  
  25  2:20  Pylon  
  27  2:39  Oracle  
  28  3:02  Fleet Beacon  
  28  3:19  Pylon  
  28  3:35  Shield Battery  
  28  3:36  Adept, Tempest  
  30  3:45  Pylon  
  36  3:57  Shield Battery x4  
  36  4:04  Shield Battery  
  36  4:10  Tempest  
  42  4:54  Tempest  
  48  5:09  Shield Battery x2  
  48  5:29  Tempest  
  54  5:49  Shield Battery  
  54  6:08  Tempest  
  54  6:09  Shield Battery  
  60  6:56  Tempest  
Spawning Tool Build Advisor. Get it on Overwolf

Go to:

Details

  • Created by: zuka      
  • Published on: Jul 21, 2018
  • Patch: 4.0.0
Show
View Real Time Build Order
Export as new Build Order

Comments (0)

There are no comments. Be the first!

Create an account to comment!